 Dungeon Crawl Stone Soup version 0.25-a0-478-g33c61bdccf (webtiles) character file.

Game seed: 4599563594648068135, levelgen mode: deterministic

127523 kae the Fencer (level 16, -6/156 HPs)
             Began as a Minotaur Fighter on Feb 8, 2020.
             Was the Champion of Wu Jian.
             Mangled by an iron troll (10 damage)
             ... on level 1 of the Depths on Feb 9, 2020.
             The game lasted 00:41:35 (29562 turns).

kae the Fencer (Minotaur Fighter)                  Turns: 29562, Time: 00:41:35

Health: -6/156     AC: 29    Str: 33    XL:     16   Next: 46%
Magic:  0/22       EV: 16    Int:  6    God:    Wu Jian [******]
Gold:   3340       SH:  0    Dex: 10    Spells: 15/15 levels left

rFire    + . .     SeeInvis .   W - +0 great sword
rCold    + . .     Gourm    .   (shield currently unavailable)
rNeg     . . .     Faith    .   m - +1 gold dragon scales
rPois    +         Spirit   +   z - +2 hat
rElec    .         Reflect  .   (no cloak)
rCorr    .         Harm     .   J - +1 pair of gloves
MR       +....                  D - +1 pair of boots
Stlth    ..........             w - amulet of guardian spirit
HPRegen  0.36/turn              N - +6 ring of evasion
MPRegen  0.18/turn              R - +6 ring of strength

@: no status effects
A: retaliatory headbutt, horns 2
a: Wall Jump, Serpent's Lash, Heavenly Storm, Renounce Religion


You were on level 1 of the Depths.
You worshipped Wu Jian.
Wu Jian was exalted by your worship.
You were hungry.

You visited 5 branches of the dungeon, and saw 25 of its levels.
You visited the Abyss 1 time.
You also visited: Sewer.

You collected 3496 gold pieces.
You spent 156 gold pieces at shops.

Inventory:

Hand Weapons
 W - a +0 great sword (weapon)
Armour
 m - +1 gold dragon scales (worn)
 z - a +2 hat (worn)
 D - a +1 pair of boots (worn)
 J - a +1 pair of gloves (worn)
Jewellery
 a - an uncursed ring of fire
 n - an uncursed ring of ice
 q - an uncursed ring of positive energy
 r - an uncursed ring of magical power
 w - an amulet of guardian spirit (around neck)
 A - a +3 amulet of reflection
 N - a +6 ring of evasion (left hand)
 Q - an uncursed ring of see invisible
 R - a +6 ring of strength (right hand)
 S - an uncursed ring of resist corrosion
Wands
 e - a wand of random effects (60)
 k - a wand of enslavement (4)
 x - a wand of digging (5)
 C - a wand of flame (12)
 I - a wand of paralysis (9)
Scrolls
 b - 10 scrolls of enchant weapon
 c - a scroll of silence
 g - 3 scrolls of magic mapping
 i - 6 scrolls of amnesia
 j - 2 scrolls of teleportation
 s - 3 scrolls of identify
 y - 2 scrolls of summoning
 B - 11 scrolls of remove curse
 E - 5 scrolls of blinking
 G - 4 scrolls of immolation
 H - 2 scrolls of fear
 T - a scroll of fog
Potions
 d - 3 potions of berserk rage
 h - 7 potions of flight
 l - 3 potions of haste
 o - 2 potions of lignification
 p - 3 potions of heal wounds
 t - 6 potions of curing
 u - a potion of resistance
 v - 3 potions of mutation
 F - 3 potions of brilliance
 K - a potion of ambrosia
 L - a potion of cancellation
 O - 4 potions of invisibility
 P - 2 potions of magic
Comestibles
 f - 46 rations
 M - 2 chunks of flesh


   Skills:
 + Level 17.6 Fighting
 - Level 20.0 Long Blades
 - Level 16.0 Armour
 - Level 8.1 Dodging
   Level 3.6 Shields
 - Level 10.0 Evocations


You had 15 spell levels left.
You didn't know any spells.
Your spell library contained the following spells:

 Spells                   Type           Power        Failure   Level  Hunger
 Apportation              Tloc           #.....       99%         1    ##.....
 Corona                   Hex            #......      99%         1    ##.....
 Foxfire                  Conj/Fire      #...         99%         1    ##.....
 Sting                    Tmut/Pois      #...         99%         1    ##.....
 Summon Butterflies       Summ           #.......     99%         1    ##.....
 Summon Small Mammal      Summ           #...         99%         1    ##.....
 Call Imp                 Summ           #.......     100%        2    ###....
 Ensorcelled Hibernation  Hex/Ice        #.....       100%        2    ###....
 Call Canine Familiar     Summ           #.......     100%        3    ####...
 Confusing Touch          Hex            #.......     100%        3    ####...
 Conjure Flame            Conj/Fire      #.......     100%        3    ####...
 Dazzling Flash           Conj/Hex       #.....       100%        3    ####...
 Inner Flame              Hex/Fire       #.......     100%        3    ####...
 Lesser Beckoning         Tloc           #.........   100%        3    ####...
 Stone Arrow              Conj/Erth      #.....       100%        3    ####...
 Summon Guardian Golem    Hex/Summ       #.......     100%        3    ####...
 Teleport Other           Tloc           #.......     100%        3    ####...
 Tukima's Dance           Hex            #.......     100%        3    ####...
 Sticky Flame             Conj/Fire      #.......     100%        4    #####..
 Summon Ice Beast         Ice/Summ       #.......     100%        4    #####..
 Summon Lightning Spire   Summ/Air       #.......     100%        4    #####..
 Alistair's Intoxication  Tmut/Pois      #.......     100%        5    ######.
 Fireball                 Conj/Fire      #.........   100%        5    ######.
 Irradiate                Conj/Tmut      #.........   100%        5    ######.
 Lee's Rapid Deconstruct  Erth           #.........   100%        5    ######.
 Yara's Violent Unravell  Hex/Tmut       #.........   100%        5    ######.
 Invisibility             Hex            #.......     100%        6    #######
 Malign Gateway           Summ/Tloc      #.........   100%        7    #######


Dungeon Overview and Level Annotations

Branches:
Dungeon (15/15)            Temple (1/1) D:7            Lair (6/6) D:8
 Shoals (0/4) Lair:2       Spider (0/4) Lair:3        Slime (0/5) Lair:6
    Orc (2/2) D:11            Elf (0/3) Orc:2        Vaults (0/5) D:13
 Depths (1/5) D:15          Sewer (visited)

Altars:
Ashenzari
Cheibriados
Dithmenos
Elyvilon
Fedhas
Gozag
Hepliaklqana
Kikubaaqudgha
Makhleb
Nemelex Xobeh
Okawaru
Qazlal
Ru
Sif Muna
Trog
Uskayaw
Vehumet
Wu Jian
Xom
Yredelemnul
Zin
The Shining One
Beogh
Jiyva

Shops:
D:7 ?*?[!   D:10 [   Orc:1 **!:(   Orc:2 %!}:[

Annotations:
Orc:1 2 runed translucent doors, exclusion: orange crystal statue


Innate Abilities, Weirdness & Mutations

You reflexively headbutt those who attack you in melee.
You have a pair of horns on your head.


Message History

The iron troll claws you.
* * * LOW HITPOINT WARNING * * *
The iron troll claws you but does no damage.
You hit the iron troll but do no damage.
You headbutt the iron troll!
The iron troll is moderately wounded.
You slice the iron troll!!
You headbutt the iron troll, but do no damage.
The iron troll is severely wounded.
The iron troll bites you!!
* * * LOW HITPOINT WARNING * * *
The iron troll claws you but does no damage. x2
You slash the iron troll!
You headbutt the iron troll, but do no damage.
The iron troll is almost dead.
You hit the iron troll but do no damage.
You headbutt the iron troll!
The iron troll is almost dead.
The iron troll bites you!
You die...

####+#......#.##
.....#)(.###..#..
......))(.#...#.#
......)[........#
......).........#
.......†........##
.....#..([#.......
.....#..cT#....#
....#....#@....#
.#..#....#..##..#
.##....#..#..
..##..#..#.... #.#
.##.... .#.# .. .#
.##.. .. .# .. #
.## #. # . ##


You could see an iron troll and a yaktaur.

Vanquished Creatures
  A sphinx (Depths:1)
  Snorg (D:13)
  An ettin (Depths:1)
  A fire dragon (D:10)
  Erolcha (D:12)
  4 vault guards (D:13)
  7 hydras
  A merfolk avatar (Lair:6)
  2 catoblepae
  21 two-headed ogres
  An alligator (Lair:5)
  7 centaur warriors
  3 ogre magi
  A deep troll shaman (Depths:1)
  Urug (D:11)
  5 tengu warriors
  A deep troll earth mage (Depths:1)
  4 death yaks
  An orc high priest (Orc:2)
  3 deep trolls
  10 skeletal warriors (D:15)
  An iron troll (Depths:1)
  6 unseen horrors
  2 sea snakes (Lair:6)
  A deep elf archer (D:13)
  2 wizards
  A necromancer (D:15)
  3 orc knights
  21 ugly things
  4 orc sorcerers (Orc:2)
  An orb spider (Lair:3)
  3 deep elf magi (D:15)
  7 cyclopes
  4 manticores
  11 black mambas
  2 molten gargoyles (D:11)
  A naga mage (D:15)
  2 gargoyles
  Psyche (D:8)
  9 spiny frogs
  2 torpor snails
  A kobold demonologist (D:11)
  A freezing wraith (D:14)
  10 komodo dragons
  A demonic crawler (Lair:6)
  6 rime drakes
  A harpy zombie (D:15)
  5 yaktaurs
  A tengu conjurer (D:15)
  5 polar bears
  A meliai (shapeshifter) (D:13)
  13 trolls
  A hornet (D:13)
  A tyrant leech (Lair:6)
  A merfolk (Lair:2)
  A hippogriff (shapeshifter) (D:14)
  2 slime creatures
  22 blink frogs
  2 dream sheep (Lair:3)
  12 hippogriffs
  3 shadows
  Sigmund (D:2)
  A vampire (D:10)
  30 yaks
  A water elemental (D:14)
  5 wyverns
  4 basilisks
  5 fire bats (D:10)
  A large abomination (Abyss:1)
  A hungry ghost (D:13)
  A steam dragon (D:14)
  4 wargs
  2 acid dragons
  2 swamp worms (Lair:6)
  12 water moccasins
  A soldier ant (D:11)
  7 porcupines
  20 orc warriors
  7 sky beasts
  A black bear (shapeshifter) (D:14)
  3 phantoms
  A black bear (D:13)
  6 ice beasts
  3 eyes of draining (D:11)
  6 wolves (Lair:1)
  26 ogres
  18 centaurs
  13 crocodiles
  5 big kobolds
  22 bullfrogs
  A wyvern zombie (D:6)
  2 gnoll sergeants
  8 wights
  2 electric eels (Lair:3)
  8 centaur zombies
  6 howler monkeys
  A bullfrog zombie (D:11)
  4 lava snakes (D:11)
  9 crimson imps
  12 orc priests
  6 hounds
  A quasit (D:10)
  Crazy Yiuf (D:7)
  8 jellies
  25 orc wizards
  4 centaur skeletons
  4 iguanas
  Ijyb (D:4)
  8 worker ants
  A worker ant zombie (D:11)
  A howler monkey zombie (D:6)
  Robin (D:2)
  9 adders
  6 gnolls
  2 river rats (D:6)
  14 oozes
  An adder skeleton (D:6)
  11 worms
  A dart slug (D:1)
  6 leopard geckos
  79 orcs
  7 giant cockroaches
  11 hobgoblins
  13 jackals
  8 quokkas
  2 ball pythons
  18 bats
  7 frilled lizards
  22 goblins
  A jackal skeleton (D:7)
  24 kobolds
  A leopard gecko zombie (D:7)
  A quokka zombie (D:5)
  10 rats
  A butterfly (Lair:5)
829 creatures vanquished.

Vanquished Creatures (collateral kills)
  A two-headed ogre (Orc:2)
  A troll (Orc:2)
  2 ogres (Orc:2)
4 creatures vanquished.

Vanquished Creatures (others)
  An ogre mage (D:13)
  An unseen horror (D:15)
  A sky beast (D:11)
  A lava snake (D:11)
  2 orc wizards (Orc:2)
  5 fungi (Lair:6)
  8 plants
19 creatures vanquished.

Grand Total: 852 creatures vanquished

Notes
Turn   | Place    | Note
-------+----------+-------------------------------------------
     0 | D:1      | kae the Minotaur Fighter began the quest for the Orb.
     0 | D:1      | Reached XP level 1. HP: 19/19 MP: 0/0
    39 | D:1      | Reached skill level 3 in Long Blades
    39 | D:1      | Reached XP level 2. HP: 23/27 MP: 1/1
   253 | D:1      | Reached XP level 3. HP: 33/33 MP: 2/2
   362 | D:1      | Reached skill level 4 in Long Blades
   563 | D:2      | Noticed Sigmund
   575 | D:2      | Killed Sigmund
   575 | D:2      | Reached skill level 5 in Fighting
   575 | D:2      | Reached skill level 5 in Long Blades
   575 | D:2      | Reached XP level 4. HP: 21/42 MP: 3/3
   575 | D:2      | Reached XP level 5. HP: 24/48 MP: 4/4
   767 | D:2      | Reached skill level 6 in Long Blades
   987 | D:2      | Found a blossoming altar of Fedhas.
   996 | D:2      | Noticed Robin
  1003 | D:2      | Killed Robin
  1478 | D:3      | Found a faded altar of an unknown god.
  1542 | D:3      | Reached XP level 6. HP: 52/56 MP: 5/5
  1705 | D:3      | Reached skill level 7 in Long Blades
  2527 | D:4      | Reached XP level 7. HP: 63/63 MP: 6/6
  2624 | D:4      | Noticed Ijyb
  2634 | D:4      | Killed Ijyb
  3350 | D:5      | Entered Level 5 of the Dungeon
  3365 | D:5      | Reached skill level 8 in Long Blades
  3718 | D:5      | Found an opulent altar of Gozag.
  3720 | D:5      | Found a hide-covered altar of Uskayaw.
  3720 | D:5      | Found a shadowy altar of Dithmenos.
  3722 | D:5      | Found an ornate altar of the Wu Jian Council.
  3722 | D:5      | Found a basalt altar of Yredelemnul.
  3722 | D:5      | Found a shimmering altar of Xom.
  4047 | D:6      | Reached skill level 9 in Long Blades
  4073 | D:6      | Reached XP level 8. HP: 68/73 MP: 7/7
  4165 | D:6      | Found a glowing drain.
  4173 | Sewer    | Entered a sewer
  5592 | D:6      | Reached skill level 10 in Long Blades
  5693 | D:7      | Noticed a two-headed ogre
  5702 | D:7      | Killed a two-headed ogre
  5702 | D:7      | Reached skill level 11 in Long Blades
  5702 | D:7      | Reached XP level 9. HP: 83/83 MP: 8/8
  5717 | D:7      | Found Perau's Magic Scroll Shoppe.
  5720 | D:7      | Found Roij's General Store.
  5733 | D:7      | Bought a scroll of identify for 26 gold pieces
  5733 | D:7      | Bought 2 scrolls of identify for 52 gold pieces
  5733 | D:7      | Bought a scroll of identify for 26 gold pieces
  5733 | D:7      | Bought a scroll of identify for 26 gold pieces
  5733 | D:7      | Bought a scroll of identify for 26 gold pieces
  5735 | D:7      | Found Zokigung's Distillery.
  5851 | D:7      | Found Jeoxydus's Magic Scroll Shoppe.
  5913 | D:7      | Reached skill level 12 in Long Blades
  5954 | D:7      | Found a runed translucent door.
  5955 | D:7      | Noticed Crazy Yiuf
  6066 | D:7      | Found Renlude's Armour Boutique.
  6211 | D:7      | Found a staircase to the Ecumenical Temple.
  6372 | Temple   | Entered the Ecumenical Temple
  6635 | Temple   | Became a worshipper of the Wu Jian Council
  6703 | D:7      | Killed Crazy Yiuf
  6876 | D:8      | Noticed Psyche
  6881 | D:8      | Cast into level 1 of the Abyss (Psyche)
  6925 | D:8      | Escaped the Abyss
  7358 | D:8      | Noticed a two-headed ogre
  7381 | D:8      | Noticed a death yak
  7382 | D:8      | Noticed a death yak
  7499 | D:8      | Killed a two-headed ogre
  7499 | D:8      | Reached skill level 10 in Fighting
  7499 | D:8      | Reached skill level 13 in Long Blades
  7757 | D:8      | Found a staircase to the Lair.
  7757 | D:8      | Noticed a death yak
  7775 | D:8      | Killed a death yak
  7775 | D:8      | Reached XP level 10. HP: 89/94 MP: 9/9
  7784 | D:8      | Killed a death yak
  7784 | D:8      | Reached skill level 14 in Long Blades
  7791 | D:8      | Killed a death yak
  7801 | D:8      | HP: 3/96 [Psyche/+2 dagger of distortion (18)]
  7802 | D:8      | Killed Psyche
  8035 | D:8      | Reached skill level 15 in Long Blades
  8048 | D:8      | Reached * piety under Wu Jian
  8480 | D:9      | Reached XP level 11. HP: 76/104 MP: 10/10
  8531 | D:9      | Identified Sif Muna's Catalogue of Conjuration and
                  | Dislocation
  8935 | D:9      | Noticed a two-headed ogre
  8945 | D:9      | Killed a two-headed ogre
  8945 | D:9      | Reached skill level 16 in Long Blades
  9061 | D:9      | Noticed a two-headed ogre
  9069 | D:9      | Killed a two-headed ogre
  9159 | Lair:1   | Entered Level 1 of the Lair of Beasts
  9242 | Lair:1   | Reached skill level 1 in Evocations
  9264 | Lair:1   | Reached ** piety under Wu Jian
 10258 | Lair:1   | Reached skill level 5 in Evocations
 10810 | Lair:1   | Reached skill level 5 in Armour
 11547 | Lair:2   | Noticed a five-headed hydra
 11556 | Lair:2   | Killed a five-headed hydra
 11556 | Lair:2   | Reached XP level 12. HP: 106/115 MP: 14/14
 12120 | Lair:2   | Noticed a five-headed hydra
 12136 | Lair:2   | Killed a five-headed hydra
 12355 | Lair:2   | Found a staircase to the Shoals.
 12416 | Lair:2   | Reached skill level 10 in Armour
 12911 | Lair:3   | Noticed a catoblepas
 13108 | Lair:3   | Killed a catoblepas
 13515 | Lair:3   | Reached *** piety under Wu Jian
 14205 | Lair:3   | Found a hole to the Spider Nest.
 15166 | Lair:4   | Noticed a six-headed hydra
 15194 | Lair:4   | Noticed a catoblepas
 15194 | Lair:4   | a six-headed hydra changed into a catoblepas
 15212 | Lair:4   | Killed a catoblepas
 15212 | Lair:4   | Reached XP level 13. HP: 47/122 MP: 11/15
 16581 | Lair:5   | Reached skill level 15 in Armour
 16674 | Lair:5   | Reached **** piety under Wu Jian
 17621 | Lair:6   | Entered Level 6 of the Lair of Beasts
 17705 | Lair:6   | Found an opulent altar of Gozag.
 17776 | Lair:6   | Identified a scroll of acquirement
 19080 | Lair:6   | Identified the Incunabulum of Shifting Earth
 19154 | Lair:6   | Reached skill level 1 in Dodging
 19166 | Lair:6   | Found a viscous altar of Jiyva.
 19166 | Lair:6   | Found a staircase to the Slime Pits.
 19415 | D:10     | Entered Level 10 of the Dungeon
 19515 | D:10     | Reached ***** piety under Wu Jian
 19610 | D:10     | Noticed a fire dragon
 19611 | D:10     | Found the +7 great mace "Firestarter" {inner flame, rF++}
 19632 | D:10     | Killed a fire dragon
 19794 | D:10     | Found Xecevod's Antique Armour Boutique.
 20565 | D:11     | Found a staircase to the Orcish Mines.
 20570 | D:11     | Reached XP level 14. HP: 125/129 MP: 17/19
 20582 | D:11     | Reached skill level 5 in Dodging
 20818 | D:11     | Identified the +2 ring mail of Tartarus {*Drain Str+6}
 20845 | D:11     | Found a stormy altar of Qazlal.
 21253 | D:11     | Noticed Urug
 21278 | D:11     | Killed Urug
 22099 | D:12     | Noticed Erolcha
 22110 | D:12     | Killed Erolcha
 22848 | D:13     | Noticed Snorg
 23268 | D:13     | Killed Snorg
 23675 | D:13     | Reached ****** piety under Wu Jian
 23994 | D:13     | Found a gate to the Vaults.
 24074 | D:13     | Reached skill level 10 in Evocations
 24476 | Orc:1    | Entered Level 1 of the Orcish Mines
 24476 | Orc:1    | Found Ceisa's Assorted Antiques.
 24476 | Orc:1    | Found Qibyane's Book Emporium.
 24504 | Orc:1    | Reached skill level 15 in Fighting
 24518 | Orc:1    | Reached XP level 15. HP: 93/141 MP: 13/21
 24873 | Orc:1    | Found a runed translucent door.
 24895 | Orc:1    | Found the +10 large shield of Ignorance {rN+ Int-4}
 24901 | Orc:1    | Found a runed translucent door.
 24907 | Orc:1    | Found Lupett's General Store.
 25210 | Orc:1    | Found Caiclyet's Weapon Shoppe.
 25239 | Orc:1    | Found Ulaeqono's Distillery.
 25280 | Orc:2    | Entered Level 2 of the Orcish Mines
 25910 | Orc:2    | Found Cerchef's Gadget Shoppe.
 25913 | Orc:2    | Reached skill level 17 in Long Blades
 25971 | Orc:2    | Found Hocegh's Distillery.
 25982 | Orc:2    | Found Covaremn's Book Shop.
 26294 | Orc:2    | Found a runed translucent door.
 26310 | Orc:2    | Found a staircase to the Elven Halls.
 26376 | Orc:2    | Found Peets's Armour Emporium.
 26579 | Orc:2    | Found Eduromol's Food Boutique.
 26743 | Orc:2    | Paralysed by an orc sorcerer for 7 turns
 27003 | Orc:2    | Found a roughly hewn altar of Beogh.
 27217 | D:14     | Reached skill level 18 in Long Blades
 27653 | D:14     | Found a sacrificial altar of Ru.
 28133 | D:14     | Found a sacrificial altar of Ru.
 28321 | D:15     | Entered Level 15 of the Dungeon
 28481 | D:15     | Reached skill level 19 in Long Blades
 28549 | D:15     | Reached XP level 16. HP: 101/152 MP: 19/22
 29374 | D:15     | Found a staircase to the Depths.
 29518 | Depths:1 | Entered Level 1 of the Depths
 29530 | Depths:1 | Noticed a sphinx
 29542 | Depths:1 | Reached skill level 20 in Long Blades
 29552 | Depths:1 | Killed a sphinx
 29556 | Depths:1 | HP: 5/156 [yaktaur/bolt (9)]
 29562 | Depths:1 | Mangled by an iron troll

Levels and vault maps discovered:
D:1:      mushboom_english_gardens, layout_basic, hex_intersection
D:2:      layout_loops_corners, fedhas_altar_1, uniq_robin, uniq_sigmund
D:3:      layout_basic, chequers_ecumenical_altar_lobes
D:4:      layout_basic, first_ration, uniq_ijyb
D:5:      layout_rooms, palyth_stone_intersect, doesnt_xom_only_xom
D:6:      layout_loops_ring, lightli_sewer_entry_pipes, minmay_ogre_servants
D:7:      layout_cave_pools, minmay_temple_entry_fiery, serial_shops, shop,
          shop, kennysheep_little_box, nicolae_shop_waterfront, shop,
          uniq_crazy_yiuf_cottage
D:8:      layout_basic, dpeg_lair_monsters, uniq_psyche
D:9:      layout_basic, minmay_quadrilaterals
D:10:     minmay_firetagon, layout_cave_pods, serial_shops, shop
D:11:     cheibrodos_magma_flow, layout_stronghold, david_orc_3,
          hangedman_little_slice_of_home, grunt_qazlal_clouds, uniq_urug
D:12:     layout_small_grid, uniq_erolcha
D:13:     layout_gridville, grunt_vaults_entry_fortified, uniq_snorg
D:14:     wad_arrow_thing, layout_basic, basic_altar, chequers_jeans,
          nicolae_ru_the_path_less_chosen
D:15:     grunt_enter_depths_magical_seal, layout_basic, drop_trap
Temple:   nicolae_temple_the_god_donut
Lair:1:   layout_chaotic_city, grunt_megastairs_1, serial_bayou_shore_b
Lair:2:   layout_loops_ring, elwin_shoals_entry_rooms, st_stairs_10,
          minivault_24
Lair:3:   layout_chaotic_city, nicolae_spider_entry_orb_guardian,
          minmay_shattered_shrine, serial_bayou_shore_a
Lair:4:   layout_regular_city, serial_bayou_shore_b
Lair:5:   layout_cave_pods, lemuel_fruit_fields
Lair:6:   gammafunk_lair_ancient_temple, layout_long_grid,
          dpeg_slime_entry_enclosed_altar, basic_altar, worms_lemuel
Orc:1:    layout_caves, serial_shops, nicolae_shop_behind_doors,
          nicolae_shop_temple_entry_statues_fountains, nicolae_shop_waterfront,
          shop, nicolae_shop_stone, chequers_guarded_unrand_ignorance
Orc:2:    st_orc_open, layout_diamond_mine, serial_shops,
          nicolae_shop_behind_doors, lightli_church_of_beogh
Depths:1: evilmike_diamond_2, layout_honeycomb, minmay_splitting_lines,
          grunt_pan_entry_spiral, abyss_entry_glasseish,
          grunt_hell_entry_dis_old, serial_sigils_hangedman_scar,
          kennysheep_generic_room_16

Skill      XL: |  1  2  3  4  5  6  7  8  9 10 11 12 13 14 15 16 |
---------------+-------------------------------------------------+-----
Long Blades    | 3 5 6 7 9 11 13 15 16 19 20 | 20.0
Fighting       | 4 5 6 7 9 10 12 13 15 16 17 | 17.6
Evocations     | 5 8 10 | 10.0
Armour         | 8 14 16 | 16.0
Dodging        | 4 8 |  8.1
Shields        | |  3.6

Action                   |  1- 3 |  4- 6 |  7- 9 | 10-12 | 13-15 | 16-18 || total
-------------------------+-------+-------+-------+-------+-------+-------++-------
Melee: Long sword        |    89 |   184 |   359 |   818 |  1223 |       ||  2673
       Headbutt          |    13 |    29 |    67 |   198 |   478 |    79 ||   864
       Great sword       |       |       |       |       |   496 |   223 ||   719
Invok: Lunge             |       |       |     4 |    43 |    94 |    11 ||   152
       Whirlwind         |       |       |       |    81 |    35 |    36 ||   152
       Heavenly Storm    |       |       |       |       |     1 |       ||     1
 Abil: Wall Jump         |       |       |       |     3 |       |       ||     3
Evoke: Wand              |       |       |    10 |    24 |    26 |       ||    60
  Use: Scroll            |       |    10 |    12 |     9 |    13 |     2 ||    46
       Potion            |       |       |     7 |     2 |     1 |     1 ||    11
 Stab: Paralysed         |       |       |       |     2 |     9 |       ||    11
  Eat: Chunk             |       |     5 |    15 |    24 |    43 |     3 ||    90
       Ration            |       |       |     1 |       |     1 |       ||     2
Armor: Scale mail        |    23 |       |       |       |       |       ||    23
       Plate armour      |    30 |   106 |   105 |       |       |       ||   241
       Gold dragon scale |       |       |    60 |   380 |  1060 |    90 ||  1590
Dodge: Dodged            |    20 |    28 |    37 |    47 |   932 |   102 ||  1166
Block: Shield            |    42 |    98 |   130 |   284 |   508 |       ||  1062
       Rpst.: Long sword |     4 |     6 |    14 |    12 |    82 |       ||   118
       Great sword       |       |       |       |       |    99 |    20 ||   119

Table legend:
 A = Non-vault XP
 B = Vault XP
 C = Vault XP percentage of total XP
 D = Non-vault monster count
 E = Vault monster count
 F = Vault count percentage of total count
                 A         B        C        D         E       F
            +---------+---------+-------+---------+---------+-------
      Total |  121923 |   60254 |  33.1 |     606 |     228 |  27.3
            +---------+---------+-------+---------+---------+-------
        D:1 |      54 |       0 |   0.0 |      29 |       0 |   0.0
        D:2 |      52 |     264 |  83.5 |      17 |      14 |  45.2
        D:3 |     331 |       0 |   0.0 |      38 |       0 |   0.0
        D:4 |     102 |      36 |  26.1 |       8 |       1 |  11.1
        D:5 |     317 |       0 |   0.0 |      10 |       0 |   0.0
        D:6 |     394 |     217 |  35.5 |      12 |      20 |  62.5
        D:7 |    1750 |      44 |   2.5 |      15 |       1 |   6.2
        D:8 |    1827 |    4043 |  68.9 |      14 |       9 |  39.1
        D:9 |    3734 |     265 |   6.6 |      22 |       4 |  15.4
       D:10 |    1493 |    1977 |  57.0 |      24 |       6 |  20.0
       D:11 |    8674 |    2745 |  24.0 |      61 |      22 |  26.5
       D:12 |    8349 |     975 |  10.5 |      36 |       1 |   2.7
       D:13 |    7611 |    8124 |  51.6 |      33 |      11 |  25.0
       D:14 |   13672 |    5354 |  28.1 |      34 |      11 |  24.4
       D:15 |   22626 |    4281 |  15.9 |      44 |       8 |  15.4
     Lair:1 |    6137 |     933 |  13.2 |      29 |       3 |   9.4
     Lair:2 |    6944 |     278 |   3.8 |      21 |       1 |   4.5
     Lair:3 |    3881 |    3977 |  50.6 |      15 |      13 |  46.4
     Lair:4 |    7350 |       0 |   0.0 |      29 |       0 |   0.0
     Lair:5 |    5808 |       0 |   0.0 |      19 |       0 |   0.0
     Lair:6 |     853 |    9901 |  92.1 |       4 |      27 |  87.1
      Orc:1 |    7178 |       0 |   0.0 |      40 |       0 |   0.0
      Orc:2 |    4562 |   16759 |  78.6 |      41 |      50 |  54.9
   Depths:1 |    8027 |       0 |   0.0 |      10 |       0 |   0.0
    Abyss:1 |     197 |       0 |   0.0 |       1 |       0 |   0.0
      Sewer |       0 |      81 | 100.0 |       0 |      26 | 100.0
            +---------+---------+-------+---------+---------+-------
